 Dungeon Crawl Stone Soup version 0.27-a0-819-g058290f16d (webtiles) character file.

Game seed: 4673104080607037907

44 polve the Slasher (level 3, -5/29 HPs)
             Began as a Demonspawn Abyssal Knight on Mar 29, 2021.
             Was a Believer of Lugonu.
             Killed from afar by Sigmund (9 damage)
             ... with a puff of flame
             ... on level 2 of the Dungeon.
             The game lasted 00:01:12 (1821 turns).

polve the Slasher (Demonspawn Abyssal Knight)       Turns: 1821, Time: 00:01:13

Health: -5/29      AC:  4    Str: 12    XL:     3   Next: 41%
Magic:  4/4        EV: 11    Int: 14    God:    Lugonu [**....]
Gold:   92         SH:  0    Dex:  8    Spells: 2/2 levels left

rFire    . . .     SeeInvis .   a - +1 falchion
rCold    . . .     Faith    .   (no shield)
rNeg     . . .     Spirit   .   b - +0 leather armour
rPois    .         Reflect  .   (no helmet)
rElec    .         Harm     .   (no cloak)
rCorr    .         Rampage  .   (no gloves)
Will     .....                  (no boots)
Stlth    +.........             (no amulet)
HPRegen  0.09/turn              (no ring)
MPRegen  0.09/turn              (no ring)

@: hasted, very quick
A: foul stench 1, sharp scales 1, [clumsy 2]
a: Renounce Religion, Depart the Abyss, Bend Space


You were on level 2 of the Dungeon.
You worshipped Lugonu.
Lugonu was pleased with you.
You visited 1 branch of the dungeon, and saw 2 of its levels.
You visited the Abyss 1 time.

You collected 92 gold pieces.

Inventory:

Hand Weapons
 a - a +1 falchion (weapon)
Armour
 b - a +0 leather armour (worn)
 e - a +0 pair of gloves
 g - a +0 pair of gloves
 i - a +0 pair of boots
Scrolls
 c - a scroll of vulnerability {unknown}
 d - a scroll of blinking {unknown}
 f - a scroll of amnesia {unknown}
 h - 3 scrolls of identify {unknown}
 k - a scroll of enchant armour {unknown}


   Skills:
 - Level 3.0 Fighting
 + Level 3.5 Long Blades
 - Level 1.7 Armour
 - Level 0.8 Dodging
 - Level 2.4 Invocations


You had 2 spell levels left.
You didn't know any spells.
Your spell library was empty.

Dungeon Overview and Level Annotations

Branches:
Dungeon (2/15)

Altars:

Shops:
D:1 !

Annotations:
D:2 Sigmund


Innate Abilities, Weirdness & Mutations

You may rarely emit foul miasma when damaged in melee.
You are partially covered in razor-sharp scales. (AC +1, Slay +1)
[You are very clumsy. (Dex -4)]


Message History

You bump into the rock wall.
A goblin comes into view. It is wielding a +0 club.
Sigmund gestures at you while chanting.
You are more confused.
You bump into the rock wall.
A worm comes into view.
Sigmund casts a spell at you. The magic dart hits you!
You're too confused to move!
It was a potion of haste.
You feel yourself speed up. Sigmund looks at you with fury.
Sigmund closely misses you. Sigmund misses you. The goblin closely misses you.
You hit Sigmund.
Sigmund is lightly wounded.
Sigmund hits you with a +0 scythe!
* * * LOW HITPOINT WARNING * * *
You hit Sigmund.
Sigmund is moderately wounded.
You feel less confused. The goblin closely misses you.
You hit Sigmund.
Sigmund is heavily wounded.
Sigmund barely misses you.
You riposte.
You closely miss Sigmund.
Sigmund is heavily wounded.
The goblin closely misses you.
You slash Sigmund!
Sigmund is severely wounded.
Sigmund points at himself and mumbles some strange words.
Sigmund flickers and vanishes!
Deactivating autopickup; reactivate with Ctrl-A.
The goblin misses you.
You hit something. Something hits you.
* * * LOW HITPOINT WARNING * * *
You hit something. The goblin closely misses you.
You hit something.
You hear some strange, mumbled words.
A puff of flame appears from out of thin air!
The puff of flame hits you!
You die...

... ... ....... #.
..... . ..... ###.#
. #...#
#......#.##...#
##......#.#.w#.#
........#..g...#
#.......#..{@.##
#.............# .#
#.......#.#..# ..##
#.........#..#
#..###............#
##........<....####
....##.........#
##.##......#...#
##.#...#...#...#


You could see a worm and a goblin.

Vanquished Creatures
  A worm (D:2)
  A dart slug (D:1)
  4 ball pythons
  An endoplasm (D:1)
  2 giant cockroaches (D:2)
  10 goblins
  2 hobgoblins (D:1)
  2 jackals (D:1)
  3 quokkas
  2 bats (D:1)
  A frilled lizard (D:1)
  5 kobolds (D:2)
  2 rats
36 creatures vanquished.

Notes
Turn   | Place    | Note
-------+----------+-------------------------------------------
     0 | Abyss:1  | polve the Demonspawn Abyssal Knight began the quest for the
                  | Orb.
     0 | Abyss:1  | Reached XP level 1. HP: 18/18 MP: 2/2
    79 | Abyss:1  | Noticed a small abomination
   140 | Abyss:1  | Noticed a chaos spawn
   142 | Abyss:1  | Noticed a wretched star
   154 | Abyss:1  | Noticed an ophan
   154 | Abyss:1  | Noticed a guardian serpent
   155 | D:1      | Escaped the Abyss
   477 | D:1      | Reached * piety under Lugonu
   499 | D:1      | Found Atiqiwa's Distillery.
   517 | D:1      | Gained mutation: You may rarely emit foul miasma when
                  | damaged in melee. [demonic ancestry]
   517 | D:1      | Reached XP level 2. HP: 24/24 MP: 3/3
  1235 | D:2      | Gained mutation: You are partially covered in razor-sharp
                  | scales. (AC +1, Slay +1) [demonic ancestry]
  1235 | D:2      | Reached XP level 3. HP: 24/29 MP: 4/4
  1429 | D:2      | Reached ** piety under Lugonu
  1805 | D:2      | Noticed Sigmund
  1821 | D:2      | Killed from afar by Sigmund

Illustrated notes

Levels and vault maps discovered:
D:1:      tarquinn_simple_flora_water_f, layout_basic, serial_shops,
          nicolae_shop_waterfront
D:2:      layout_rooms, ashenzari_altar_1, doesnt_xom_only_xom, uniq_sigmund

Skill      XL: |  1  2 |
---------------+-------+-----
Long Blades    | 2 3 |  3.5
Fighting       | |  3.0
Armour         | |  1.7
Dodging        | |  0.8
Invocations    | |  2.4

Action                   || total
-------------------------++-------
Melee: Falchion          ||    97
Invok: Depart the Abyss  ||     1
  Use: Potion            ||     1
Armor: Leather armour    ||    25
Dodge: Dodged            ||    77
       Rpst.: Falchion   ||    18

Table legend: (Time is in decaauts)
 A = Elapsed time spent in this place.
 B = Non-inter-level travel time spent in this place.
 C = Inter-level travel time spent in this place.
 D = Time resting spent in this place.
 E = Time spent auto-exploring this place.
 F = Levels seen in this place.
 G = Mean time per level.
                   A        B        C        D        E       F      G
               +--------+--------+--------+--------+--------+-----+--------+
         Total |   1831 |   1805 |     26 |      0 |   1548 |   3 |  610.3 |
       Dungeon |   1676 |   1650 |     26 |      0 |   1427 |   2 |  838.0 |
         Abyss |    155 |    155 |      0 |      0 |    121 |   1 |  155.0 |
               +--------+--------+--------+--------+--------+-----+--------+

Top non-repeatable levels by time:
     D:1: 1081 daAuts
     D:2: 595 daAuts
 Abyss:1: 155 daAuts
